 Dungeon Crawl Stone Soup version 0.32-a0-290-g598725c5f2 (webtiles) character file.

Game seed: 18419202402472516497

160 Ceno the Grave Robber (level 5, 0/37 HPs)
             Began as a Gnoll Necromancer on Feb 14, 2024.
             Slain by a gnoll
             ... wielding a +0 spear of venom
              (7 damage)
             ... on level 4 of the Dungeon.
             The game lasted 00:08:18 (1638 turns).

Ceno the Grave Robber (Gnoll Necromancer)           Turns: 1638, Time: 00:08:18

Health: 0/37       AC:  4    Str: 10    XL:     5   Next: 41%
Magic:  6/12       EV: 13    Int: 14    God:
Gold:   133        SH:  0    Dex: 12    Spells: 6/14 levels left

rFire   + . .        g - +0 dagger
rCold   + . .        (no shield)
rNeg    . . .        i - +0 leather armour
rPois   .            d - +0 helmet
rElec   .            e - scarf {rC+ rF+}
rCorr   .            (no gloves)
SInv    .            (no boots)
Will    .....        h - amulet of magic regeneration
Stlth   ++           (no ring)
HPRegen 0.26/turn    (no ring)
MPRegen 0.53/turn

%: no passive effects
@: lethally poisoned (0 -> -9), animating dead
A: fangs 1, strong nose, distributed training
a: no special abilities


You were on level 4 of the Dungeon.
You visited 1 branch of the dungeon, and saw 4 of its levels.

You collected 133 gold pieces.

Inventory:

Hand Weapons
 g - a +0 dagger (weapon)
Missiles
 c - 6 poisoned darts
 w - 6 stones
Armour
 d - a +0 helmet (worn)
 e - a scarf of resistance (worn)
 i - a +0 leather armour (worn)
Jewellery
 h - an amulet of magic regeneration (around neck)
 m - a ring of ice
 t - the ring "Comnuc" {rF- rN+++ AC+4 Int-5 Slay+5}
   (You found it on level 3 of the Dungeon)

   [ring of protection]

   AC+4:      It affects your AC (+4).
   Int-5:     It affects your intelligence (-5).
   Slay+5:    It affects your accuracy & damage with ranged weapons and melee
   (+5).
   rF-:       It makes you vulnerable to fire.
   rN+++:     It renders you almost immune to negative energy.
 v - an amulet of the acrobat
Scrolls
 a - a scroll of identify
 f - a scroll of poison
 k - a scroll of amnesia
 l - a scroll of vulnerability {unknown}
 o - a scroll of blinking {unknown}
 p - a scroll of enchant armour {unknown}
 q - a scroll of brand weapon {unknown}
 r - a scroll of noise {unknown}
 u - a scroll of teleportation {unknown}
 x - a scroll of fear {unknown}
Potions
 b - a potion of magic
 j - a potion of haste
 n - a potion of lignification


   Skills:
 + Level 1.5 Fighting
 + Level 1.5 Short Blades
 + Level 1.5 Long Blades
 + Level 1.5 Axes
 + Level 1.5 Maces & Flails
 + Level 1.5 Polearms
 + Level 1.5 Staves
 + Level 1.5 Ranged Weapons
 + Level 1.5 Throwing
 + Level 1.5 Armour
 + Level 4.8 Dodging
 + Level 4.4 Stealth
 + Level 1.5 Shields
 + Level 1.5 Unarmed Combat
 + Level 5.2 Spellcasting
 + Level 1.2 Conjurations
 + Level 1.2 Hexes
 + Level 1.2 Summonings
 + Level 7.2 Necromancy
 + Level 1.2 Translocations
 + Level 1.2 Fire Magic
 + Level 1.2 Ice Magic
 + Level 1.2 Air Magic
 + Level 1.2 Earth Magic
 + Level 1.2 Alchemy
 + Level 1.7 Invocations
 + Level 1.5 Evocations
 + Level 1.4 Shapeshifting


You had 6 spell levels left.
You knew the following spells:

 Your Spells              Type           Power      Damage    Failure   Level
a - Necrotise             Necr           92%        1d8       1%          1
b - Vampiric Draining     Necr           23%        2d7       3%          3
c - Animate Dead          Necr           23%        N/A       12%         4

Your spell library contained the following spells:

 Spells                   Type           Power      Damage    Failure   Level
 Curse of Agony           Necr           23%        N/A       32%         5
 Leda's Liquefaction      Alch/Erth      3%         N/A       80%         4
 Lee's Rapid Deconstruct  Erth           3%         3d5*      98%         5
 Bombard                  Conj/Erth      3%         9d1       100%        6


Dungeon Overview and Level Annotations

Branches:
Dungeon (4/15)
 Temple: D:4-7

Altars:
Wu Jian
The Shining One


Innate Abilities, Weirdness & Mutations

You have very sharp teeth.
Your uncanny sense of smell can sniff out nearby items.
Your experience applies equally to all skills.


Message History

Your giant cockroach zombie barely misses the gnoll.
It was a potion of heal wounds.
You feel much better.
You feel sick.
The ball python bites you but does no damage.
The ball python constricts you.
Your gnoll skeleton hits the ball python.
The gnoll hits you from afar with a +0 spear of venom.
You are more poisoned.
Your giant cockroach zombie bites the gnoll but does no damage.
The gnoll hits you from afar with a +0 halberd!
Casting: Necrotise (safe; 1% risk of failure)
Confirm with . or Enter, or press ? or * to list all spells.
Aiming: Necrotise (safe; 1% risk of failure)
Press: ? - help, Shift-Dir - straight line, f - ball python
Aim: a ball python (severely wounded, constricting you, ally target, chance to affect: 91%)
The ball python writhes in agony.
You kill the ball python!
The dead are slithering!
* * * LOW HITPOINT WARNING * * *
You feel very sick.
The gnoll shouts!
You hear a shout! x3
A hound comes into view.
The gnoll closely misses you. The gnoll barely misses you.
Your giant cockroach zombie closely misses the gnoll.
The hound moves out of view.
You hear a shout!
Casting: Necrotise (safe; 1% risk of failure)
Confirm with . or Enter, or press ? or * to list all spells.
Aiming: Necrotise (safe; 1% risk of failure)
Press: ? - help, Shift-Dir - straight line, f - gnoll
Aim: a gnoll, wielding a +0 halberd (ally target, chance to affect: 87%)
Okay, then.
* * * LOW HITPOINT WARNING * * *
You feel very sick. The gnoll hits you but does no damage.
Your giant cockroach zombie bites the gnoll but does no damage.
Your ball python zombie bites the gnoll but does no damage.
Your ball python zombie grabs the gnoll.
Your ball python zombie constricts the gnoll.
The gnoll hits you from afar with a +0 spear of venom!
You die... .. .. .... #.#. ###.#. ..... . #.Zg .PP

#gg####g.P~
#ZZ@.....P~
#..<.###.P~
###..# ##.#
∆ .. ...
.... #....
.....


You could see 4 gnolls, a friendly ball python zombie, a friendly giant
cockroach zombie and a friendly gnoll skeleton.

Vanquished Creatures
  A hound (D:3)
  A gnoll (D:4)
  2 adders
  2 dart slugs (D:2)
  10 bats
  6 endoplasms
  2 giant cockroaches
  4 hobgoblins
  2 quokkas (D:1)
  5 ball pythons
  4 frilled lizards
  7 goblins
  4 kobolds
  7 rats
57 creatures vanquished.

Vanquished Creatures (collateral kills)
  A frilled lizard (D:1)
  A rat (D:1)
2 creatures vanquished.

Vanquished Creatures (others)
  A goblin (D:1)
1 creature vanquished.

Grand Total: 60 creatures vanquished

Notes
Turn   | Place    | Note
-------+----------+-------------------------------------------
     0 | D:1      | Ceno the Gnoll Necromancer began the quest for the Orb.
     0 | D:1      | Reached XP level 1. HP: 13/13 MP: 6/6
    47 | D:1      | Reached XP level 2. HP: 19/19 MP: 3/7
   266 | D:1      | Reached skill level 5 in Spellcasting
   266 | D:1      | Reached XP level 3. HP: 25/25 MP: 6/9
   435 | D:1      | Reached skill level 1 in Invocations
   592 | D:1      | Reached skill level 1 in Fighting
   592 | D:1      | Reached skill level 1 in Short Blades
   592 | D:1      | Reached skill level 1 in Long Blades
   592 | D:1      | Reached skill level 1 in Axes
   592 | D:1      | Reached skill level 1 in Maces & Flails
   592 | D:1      | Reached skill level 1 in Polearms
   592 | D:1      | Reached skill level 1 in Staves
   592 | D:1      | Reached skill level 1 in Ranged Weapons
   592 | D:1      | Reached skill level 1 in Throwing
   592 | D:1      | Reached skill level 1 in Armour
   592 | D:1      | Reached skill level 1 in Shields
   592 | D:1      | Reached skill level 1 in Unarmed Combat
   592 | D:1      | Reached skill level 1 in Evocations
   655 | D:1      | Learned a level 3 spell: Vampiric Draining
   806 | D:2      | Reached skill level 1 in Shapeshifting
   806 | D:2      | Reached XP level 4. HP: 32/32 MP: 8/11
   811 | D:2      | Learned a level 4 spell: Animate Dead
   991 | D:2      | Found a faded altar of an unknown god.
  1055 | D:2      | Reached skill level 1 in Conjurations
  1055 | D:2      | Reached skill level 1 in Hexes
  1055 | D:2      | Reached skill level 1 in Summonings
  1055 | D:2      | Reached skill level 1 in Translocations
  1055 | D:2      | Reached skill level 1 in Fire Magic
  1055 | D:2      | Reached skill level 1 in Ice Magic
  1055 | D:2      | Reached skill level 1 in Air Magic
  1055 | D:2      | Reached skill level 1 in Earth Magic
  1055 | D:2      | Reached skill level 1 in Alchemy
  1354 | D:3      | Found a glowing golden altar of the Shining One.
  1365 | D:3      | Found an ornate altar of the Wu Jian Council.
  1393 | D:3      | Reached XP level 5. HP: 37/37 MP: 8/12
  1422 | D:3      | Identified the ring "Comnuc" {rF- rN+++ AC+4 Int-5 Slay+5}
  1638 | D:4      | Slain by a gnoll

Illustrated notes

Levels and vault maps discovered:
D:1:      minmay_arrival_four_circles, layout_loops_ring, minivault_19,
          lemuel_flame_loot_1
D:2:      layout_loops_ring, shapermc_ecumenical_altar_mp_highgroup
D:3:      layout_basic, mainiacjoe_overflow_big_doors, reono_crystal_passage
D:4:      layout_rooms, zin_academy, lemuel_doored_altar, dreamdust_gnoll_farm,
          uniq_grinder, uniq_crazy_yiuf_cottage

Skill      XL: |  1  2  3  4 |
---------------+-------------+-----
Spellcasting   | 5 |  5.2
Invocations    | 1 |  1.7
Fighting       | 1 |  1.5
Short Blades   | 1 |  1.5
Long Blades    | 1 |  1.5
Axes           | 1 |  1.5
Maces & Flails | 1 |  1.5
Polearms       | 1 |  1.5
Staves         | 1 |  1.5
Ranged Weapons | 1 |  1.5
Throwing       | 1 |  1.5
Armour         | 1 |  1.5
Shields        | 1 |  1.5
Unarmed Combat | 1 |  1.5
Evocations     | 1 |  1.5
Shapeshifting  | 1 |  1.4
Conjurations   | 1 |  1.2
Hexes          | 1 |  1.2
Summonings     | 1 |  1.2
Translocations | 1 |  1.2
Fire Magic     | 1 |  1.2
Ice Magic      | 1 |  1.2
Air Magic      | 1 |  1.2
Earth Magic    | 1 |  1.2
Alchemy        | 1 |  1.2
Dodging        | |  4.8
Stealth        | |  4.4
Necromancy     | |  7.2

Action                     |  1- 3 |  4- 6 || total
---------------------------+-------+-------++-------
  Melee: Dagger            |    14 |    13 ||    27
         Bite              |       |     1 ||     1
   Cast: Necrotise         |    35 |    32 ||    67
         Animate Dead      |       |     4 ||     4
         Vampiric Draining |       |     2 ||     2
    Use: Scroll            |     2 |     2 ||     4
         Potion            |       |     1 ||     1
   Stab: Sleeping          |     2 |     2 ||     4
 Armour: Leather armour    |    11 |    30 ||    41
  Dodge: Dodged            |    11 |    20 ||    31

Table legend: (Time is in decaauts)
 A = Elapsed time spent in this place.
 B = Non-inter-level travel time spent in this place.
 C = Inter-level travel time spent in this place.
 D = Time resting spent in this place.
 E = Time spent auto-exploring this place.
 F = Levels seen in this place.
 G = Mean time per level.
                   A        B        C        D        E       F      G
               +--------+--------+--------+--------+--------+-----+--------+
         Total |   1635 |   1599 |     36 |      0 |    717 |   4 |  408.8 |
       Dungeon |   1635 |   1599 |     36 |      0 |    717 |   4 |  408.8 |
               +--------+--------+--------+--------+--------+-----+--------+

Top non-repeatable levels by time:
     D:1: 655 daAuts
     D:2: 622 daAuts
     D:3: 347 daAuts
     D:4: 10 daAuts
